 Dungeon Crawl Stone Soup version 0.22.1-2-g9c5b331383 (webtiles) character file.

25459 Ihlosi the Fighter (level 13, -8/108 HPs)
             Began as a Human Gladiator on Nov 22, 2018.
             Was an Elder of the Shining One.
             Mangled by an ice devil (20 damage)
             ... on level 4 of the Lair of Beasts.
             The game lasted 00:50:49 (17417 turns).

Ihlosi the Fighter (Human Gladiator)               Turns: 17417, Time: 00:50:50

Health: -8/108     AC: 13    Str: 17    XL:     13   Next: 50%
Magic:  18/18      EV: 16    Int:  9    God:    the Shining One [****..]
Gold:   799        SH:  0    Dex: 19    Spells: 18/18 levels left

rFire    + . .     SeeInvis +   a - +3 scimitar (flame)
rCold    . . .     Gourm    .   (no shield)
rNeg     + + .     Faith    .   C - +1 ring mail "Joclasav" {MR++ Dex+2}
rPois    .         Spirit   .   o - +2 hat {SInv}
rElec    +         Reflect  .   H - +0 cloak
rCorr    +         Harm     .   I - +1 pair of gloves
MR       ++...     Clarity  +   i - +1 pair of boots
Stlth    +.........             (no amulet)
HPRegen  0.28/turn              B - ring of resist corrosion
MPRegen  0.16/turn              p - ring of protection from fire

@: glowing
A: clarity, deformed body, deterioration 1, electricity resistance
a: Divine Shield, Cleansing Flame, Renounce Religion


You were on level 4 of the Lair of Beasts.
You worshipped the Shining One.
The Shining One was greatly pleased with you.
You were not hungry.

You visited 3 branches of the dungeon, and saw 15 of its levels.
You also visited: Labyrinth and Sewer.

You collected 799 gold pieces.

Inventory:

Hand Weapons
 a - a +3 scimitar of flaming (weapon)
 d - a +2 falchion of holy wrath
 g - a +0 blowgun
 L - a +3 dagger of venom
 P - the +5 hand axe of Circular Logic {speed, *Noise +Fly rN+ SInv}
   (You found it on level 3 of the Lair of Beasts)

   Attacks with this weapon are significantly faster.
   It protects you from negative energy.
   It lets you see invisible.
   It lets you fly.
   It may make noises in combat.
Missiles
 j - 45 poisoned needles
 x - 89 bolts
 z - 3 throwing nets (quivered)
Armour
 e - a +1 helmet
 i - a +1 pair of boots (worn)
 o - a +2 hat of see invisible (worn)
 v - the +3 ring mail of Leapfrog {*Corrode Str+5 Int+2}
   (You found it on level 2 of the Lair of Beasts)

   It affects your strength (+5).
   It affects your intelligence (+2).
   It may corrode you when you take damage.
 y - a scarf of cloud immunity
 C - the +1 ring mail "Joclasav" (worn) {MR++ Dex+2}
   (You found it on level 4 of the Dungeon)

   It affects your dexterity (+2).
   It affects your resistance to hostile enchantments.
 H - a +0 cloak (worn)
 I - a +1 pair of gloves (worn)
 J - a +1 plate armour of magic resistance
 S - the +0 plate armour of Xeemp {rC+ Regen+ rCorr Dex+2 Slay+2}
   (You found it in a labyrinth)

   It affects your dexterity (+2).
   It affects your accuracy and damage with ranged weapons and melee attacks
   (+2).
   It protects you from cold.
   It increases your rate of regeneration.
   It provides partial protection from all sources of acid and corrosion.
Jewellery
 n - an uncursed ring of fire
 p - a ring of protection from fire (right hand)
 t - a +3 ring of strength
 B - a ring of resist corrosion (left hand)
 E - an uncursed amulet of faith
Wands
 m - a wand of iceblast (10)
 R - a wand of flame (28)
Scrolls
 l - 4 scrolls of identify
 q - 6 scrolls of enchant weapon
 s - 4 scrolls of remove curse
 u - 4 scrolls of immolation
 w - 7 scrolls of teleportation
 D - 2 scrolls of random uselessness
 G - 4 scrolls of enchant armour
 Q - a scroll of vulnerability
Potions
 b - 3 potions of haste
 c - a potion of might
 h - 3 potions of brilliance
 k - 5 potions of curing
 A - a potion of flight
Miscellaneous
 M - a phantom mirror
Comestibles
 f - 37 rations


   Skills:
 * Level 12.0 Fighting
 * Level 12.0 Long Blades
 - Level 2.0 Throwing
 * Level 7.8 Armour
 * Level 7.1 Dodging
 - Level 1.0 Stealth
 - Level 3.0 Spellcasting
 * Level 7.7 Invocations
 - Level 6.0 Evocations


You had 18 spell levels left.
You didn't know any spells.
Your spell library contained the following spells:

 Spells                   Type           Power        Failure   Level  Hunger
 Confusing Touch          Hex            #.....       45%         1    ##.....
 Corona                   Hex            #......      45%         1    ##.....
 Ensorcelled Hibernation  Hex/Ice        #.....       58%         2    ###....
 Confuse                  Hex            #.......     83%         3    ####...
 Dazzling Spray           Conj/Hex       #.....       83%         3    ####...
 Gell's Gravitas          Tloc           #.........   83%         3    ####...
 Tukima's Dance           Hex            #.......     83%         3    ####...
 Ice Form                 Ice/Tmut       #.......     99%         4    #####..
 Petrify                  Tmut/Erth      #.......     99%         4    #####..
 Metabolic Englaciation   Hex/Ice        #.........   100%        5    ######.
 Yara's Violent Unravell  Hex/Tmut       #.........   100%        5    ######.
 Bolt of Cold             Conj/Ice       #.........   100%        6    #######
 Freezing Cloud           Conj/Ice/Air   #.........   100%        6    #######
 Ozocubu's Refrigeration  Ice            #.........   100%        6    #######
 Simulacrum               Ice/Necr       #.........   100%        6    #######
 Haunt                    Necr/Summ      #.........   100%        7    #######
 Borgnjor's Revivificati  Necr           #.........   100%        8    #######
 Death's Door             Chrm/Necr      #.........   100%        8    #######
 Infestation              Necr           #.........   100%        8    #######
 Necromutation            Tmut/Necr      #.........   100%        8    #######


Dungeon Overview and Level Annotations

Branches:
Dungeon (10/15)            Temple (1/1) D:4            Lair (4/6) D:8
 Shoals (0/4) Lair:3        Snake (0/4) Lair:2          Orc (0/2) D:9

Altars:
Ashenzari
Cheibriados
Dithmenos
Elyvilon
Fedhas
Gozag
Hepliaklqana
Kikubaaqudgha
Makhleb
Nemelex Xobeh
Okawaru
Qazlal
Ru
Sif Muna
Trog
Uskayaw
Vehumet
Wu Jian
Xom
Yredelemnul
Zin
The Shining One
Beogh

Annotations:
D:8 4 runed doors
Lair:1 exclusion: oklob plant


Innate Abilities, Weirdness & Mutations

You possess an exceptional clarity of mind.
Armour fits poorly on your strangely shaped body.
Your body sometimes deteriorates upon taking damage.
You are resistant to electric shocks. (rElec)


Message History

* * * LOW HITPOINT WARNING * * *
The ice devil freezes you!
* * * LOW HITPOINT WARNING * * *
Unknown command.
The ice devil barely misses you.
You riposte.
You hit the ice devil but do no damage.
The ice devil is heavily wounded.
There is an open door here.
You hit the ice devil. You burn the ice devil.
The ice devil is severely wounded.
You hit the ice devil. You burn the ice devil.
The ice devil is severely wounded.
The ice devil closely misses you.
You riposte.
You slash the ice devil! You burn the ice devil!
You kill the ice devil!
The Shining One accepts your kill. The ice devil hits you.
* * * LOW HITPOINT WARNING * * *
The ice devil freezes you!!
You die...

..........)##.....##.# #....## #
...........##.....##.####.....###
...........# ..... #.##.#8.<.8##.
.........<.# ... #....#.....#..
P#.#.#.P.P## #.# ##....#.8..###
##..####.## ##.## ########.#.##
## #...# #.#### ##+#4### ## ###
## # #...@..##.### .#####.
..#....................
..(.............[###.#..
...........#####..## #..
..........## ...# ##.
...........# #.P ## ..........###
#.#######
..........#.####..##....
.......................


You could see an ice devil.

Vanquished Creatures
  Gastronok (D:8)
  A minotaur (Lab)
  A hydra (Lair:4)
  Harold (D:8)
  Erica (D:8)
  A centaur warrior (D:8)
  A two-headed ogre (D:10)
  Nergalle (Lair:2)
  An unseen horror (D:10)
  4 black mambas
  Joseph (D:8)
  5 elephants (Lair:2)
  3 spiny frogs
  A rime drake (Lair:3)
  4 komodo dragons
  An ice devil (Lair:4)
  A polar bear (Lair:2)
  Grinder (D:6)
  6 hippogriffs
  A snapping turtle (Lair:3)
  19 yaks
  2 spriggans
  2 wyverns
  5 hungry ghosts
  3 basilisks
  2 nagas (Lair:2)
  5 water moccasins
  2 porcupines (Lair:4)
  2 ice beasts
  6 orc warriors
  3 sky beasts
  A black bear (Lair:3)
  A phantom (D:8)
  7 wolves
  2 centaurs
  3 ogres
  4 crocodiles
  12 bullfrogs
  2 big kobolds
  5 scorpions
  A killer bee (D:8)
  6 crimson imps
  4 lava snakes (Lab)
  3 bullfrog zombies
  A quasit (D:7)
  7 hounds
  11 orc wizards
  6 orc priests
  4 jellies
  A bullfrog skeleton (D:9)
  6 iguanas
  12 worker ants
  A killer bee zombie (D:6)
  A howler monkey skeleton (D:5)
  A worker ant zombie (D:10)
  8 gnolls
  9 adders
  3 shadow imps
  An ooze (D:4)
  3 adder skeletons
  3 worms
  8 leopard geckos
  46 orcs
  4 bats
  A giant cockroach (D:5)
  12 goblins
  4 hobgoblins
  12 jackals
  4 quokkas
  3 ball pythons
  A ball python zombie (D:5)
  6 frilled lizards
  A jackal zombie (D:7)
  19 kobolds
  2 leopard gecko skeletons
  5 rats
345 creatures vanquished.

Vanquished Creatures (collateral kills)
  A troll (D:10)
  A bullfrog zombie (D:10)
2 creatures vanquished.

Vanquished Creatures (others)
  6 fungi
  2 plants
8 creatures vanquished.

Grand Total: 355 creatures vanquished

Notes
Turn   | Place    | Note
-------+----------+-------------------------------------------
     0 | D:1      | Ihlosi the Human Gladiator began the quest for the Orb.
     0 | D:1      | Reached XP level 1. HP: 16/16 MP: 1/1
   192 | D:1      | Reached XP level 2. HP: 17/22 MP: 2/2
   270 | D:1      | Reached XP level 3. HP: 10/27 MP: 3/3
  1147 | D:2      | Reached skill level 1 in Armour
  1147 | D:2      | Reached XP level 4. HP: 28/34 MP: 4/4
  1479 | D:2      | Reached skill level 1 in Stealth
  2011 | D:3      | Found a sacrificial altar of Ru.
  2063 | D:3      | Found a faded altar of an unknown god.
  2128 | D:3      | Gained mutation: You have a pair of small horns on your
                  | head. [potion of mutation]
  2128 | D:3      | Gained mutation: Your mind is acute. (Int +2) [potion of
                  | mutation]
  2138 | D:3      | Reached XP level 5. HP: 25/39 MP: 5/5
  2224 | D:3      | Found a glowing drain.
  2319 | Sewer    | Entered a sewer
  2474 | Sewer    | Noticed a crocodile
  2505 | Sewer    | Killed a crocodile
  2505 | Sewer    | Reached XP level 6. HP: 30/46 MP: 6/6
  3087 | D:4      | Found a staircase to the Ecumenical Temple.
  3384 | D:4      | Reached XP level 7. HP: 43/52 MP: 7/7
  3619 | D:4      | Reached skill level 5 in Dodging
  3852 | D:4      | Got a slimy ring mail
  3863 | D:4      | Identified the +1 ring mail "Joclasav" {MR++ Dex+2} (You
                  | found it on level 4 of the Dungeon)
  3886 | D:4      | Lost mutation: You have a pair of small horns on your head.
                  | [potion of mutation]
  3886 | D:4      | Lost mutation: Your mind is acute. (Int +2) [potion of
                  | mutation]
  3886 | D:4      | Gained mutation: You are dopey. (Int -2) [potion of
                  | mutation]
  3886 | D:4      | Gained mutation: Armour fits poorly on your strangely
                  | shaped body. [potion of mutation]
  3886 | D:4      | Gained mutation: Your magical capacity is low. (-10% MP)
                  | [potion of mutation]
  3886 | D:4      | Gained mutation: You are resistant to electric shocks.
                  | (rElec) [potion of mutation]
  4156 | Temple   | Entered the Ecumenical Temple
  4221 | Temple   | Became a worshipper of the Shining One
  4294 | D:5      | Entered Level 5 of the Dungeon
  4374 | D:5      | Reached skill level 5 in Long Blades
  4460 | D:5      | Reached skill level 1 in Invocations
  4460 | D:5      | Reached XP level 8. HP: 26/60 MP: 7/7
  5180 | D:6      | Reached * piety under the Shining One
  5471 | D:6      | Noticed Grinder
  5486 | D:6      | Killed Grinder
  5486 | D:6      | Reached skill level 5 in Fighting
  5486 | D:6      | Reached XP level 9. HP: 29/68 MP: 8/10
  5501 | D:6      | Found Hycuiwn's Assorted Antiques.
  6432 | D:7      | Reached skill level 5 in Armour
  6459 | D:7      | Reached skill level 1 in Evocations
  6963 | D:8      | Noticed Joseph
  6990 | D:8      | Killed Joseph
  6990 | D:8      | Reached XP level 10. HP: 77/77 MP: 11/11
  7102 | D:8      | Lost mutation: Your magical capacity is low. (-10% MP)
                  | [potion of mutation]
  7102 | D:8      | Lost mutation: You are dopey. (Int -2) [potion of mutation]
  7102 | D:8      | Gained mutation: Your body sometimes deteriorates upon
                  | taking damage. [potion of mutation]
  7102 | D:8      | Gained mutation: You possess an exceptional clarity of
                  | mind. [potion of mutation]
  7109 | D:8      | Noticed Gastronok
  7184 | D:8      | Killed Gastronok
  7184 | D:8      | Reached skill level 5 in Invocations
  7195 | D:8      | Noticed Psyche
  7201 | D:8      | Found a large runed door.
  7201 | D:8      | Found a large runed door.
  7568 | D:9      | Found a staircase to the Orcish Mines.
  7634 | D:9      | Reached ** piety under the Shining One
  7802 | D:9      | Reached XP level 11. HP: 86/86 MP: 15/15
  8174 | D:9      | Found a roughly hewn altar of Beogh.
  8641 | D:8      | Noticed Psyche
  8641 | D:8      | Psyche changed into Psyche the wyvern
  8644 | D:8      | Noticed Erica
  8651 | D:8      | Killed Psyche the wyvern
  8702 | D:8      | Killed Erica
  9199 | D:8      | Noticed a centaur warrior
  9209 | D:8      | Killed a centaur warrior
  9209 | D:8      | Reached skill level 10 in Fighting
  9316 | D:8      | Noticed Harold
  9316 | D:8      | Found a large runed door.
  9316 | D:8      | Found a large runed door.
  9327 | D:8      | Killed Harold
  9449 | D:8      | Found a staircase to the Lair.
  9841 | D:9      | Reached *** piety under the Shining One
 10466 | D:10     | Entered Level 10 of the Dungeon
 10900 | D:10     | Found a shattered altar of Ashenzari.
 10931 | D:10     | Noticed a two-headed ogre
 10939 | D:10     | Killed a two-headed ogre
 10939 | D:10     | Reached XP level 12. HP: 100/100 MP: 16/16
 11190 | D:10     | Noticed an unseen horror
 11195 | D:10     | Killed an unseen horror
 11195 | D:10     | Reached skill level 1 in Spellcasting
 11360 | Lair:1   | Entered Level 1 of the Lair of Beasts
 11656 | Lair:1   | Reached skill level 5 in Evocations
 12297 | Lair:1   | Reached skill level 10 in Long Blades
 13077 | Lair:2   | Got a pitted ring mail
 13094 | Lair:2   | Identified the +3 ring mail of Leapfrog {*Corrode Str+5
                  | Int+2} (You found it on level 2 of the Lair of Beasts)
 13112 | Lair:2   | Found a staircase to the Snake Pit.
 13184 | Lair:2   | Noticed Nergalle
 13200 | Lair:2   | Killed Nergalle
 14096 | Lair:2   | Got a warped rapier
 14113 | Lair:2   | Identified the +7 rapier of Leemm {pierce, Fragile rElec
                  | Str+2 Int+8} (You found it on level 2 of the Lair of
                  | Beasts)
 14988 | Lair:2   | Reached XP level 13. HP: 58/106 MP: 18/18
 15528 | Lair:3   | Found a staircase to the Shoals.
 16092 | Lair:3   | Got a pitted hand axe
 16093 | Lair:3   | Identified the +5 hand axe of Circular Logic {speed, *Noise
                  | +Fly rN+ SInv} (You found it on level 3 of the Lair of
                  | Beasts)
 16296 | Lair:4   | Reached **** piety under the Shining One
 16315 | Lair:4   | Noticed a six-headed hydra
 16335 | Lair:4   | Killed a one-headed hydra
 16669 | Lair:4   | Found a labyrinth entrance.
 16682 | Lab      | Entered a labyrinth
 17253 | Lab      | Noticed a minotaur
 17266 | Lab      | Killed a minotaur
 17275 | Lab      | Got a distressingly furry plate armour
 17276 | Lab      | Identified the +0 plate armour of Xeemp {rC+ Regen+ rCorr
                  | Dex+2 Slay+2} (You found it in a labyrinth)
 17312 | Lair:4   | HP: 5/108 [poisoned by a spiny frog]
 17417 | Lair:4   | Mangled by an ice devil

Skill      XL: |  1  2  3  4  5  6  7  8  9 10 11 12 13 |
---------------+----------------------------------------+-----
Armour         | 1 2 3 4 5 6 7 |  7.8
Stealth        | 1 |  1.0
Dodging        | 4 5 6 7 |  7.1
Long Blades    | 4 5 6 8 9 11 12 | 12.0
Fighting       | 3 4 5 6 7 11 12 | 12.0
Invocations    | 1 2 4 5 6 7 |  7.7
Evocations     | 2 3 4 5 6 |  6.0
Spellcasting   | 2 3 |  3.0
Throwing       | |  2.0

Action                   |  1- 3 |  4- 6 |  7- 9 | 10-12 | 13-15 || total
-------------------------+-------+-------+-------+-------+-------++-------
Melee: Long sword        |    45 |   127 |   175 |       |       ||   347
       Headbutt          |       |    13 |    20 |       |       ||    33
       Falchion          |       |       |   234 |   204 |       ||   438
       Scimitar          |       |       |       |   322 |   119 ||   441
 Fire: Blowgun           |       |     7 |       |       |       ||     7
Throw: Throwing net      |       |       |     2 |     9 |       ||    11
Evoke: Wand              |       |       |       |    11 |     6 ||    17
  Use: Potion            |       |     9 |     5 |    11 |     9 ||    34
       Scroll            |       |     3 |     1 |    14 |     8 ||    26
 Stab: Sleeping          |     2 |     3 |       |       |       ||     5
  Eat: Chunk             |     1 |     6 |    13 |    23 |     5 ||    48
       Ration            |       |       |       |     2 |     1 ||     3
Armor: Leather armour    |    14 |    22 |     7 |       |       ||    43
       Skin              |       |    49 |    11 |     3 |       ||    63
       Ring mail         |       |       |    95 |   134 |    33 ||   262
       Plate armour      |       |       |       |       |    10 ||    10
Dodge: Dodged            |    25 |   117 |   305 |   328 |    99 ||   874
       Rpst.: Long sword |    12 |    39 |    48 |       |       ||    99
       Falchion          |       |       |    47 |    28 |       ||    75
       Scimitar          |       |       |       |    66 |    28 ||    94
